 Dungeon Crawl Stone Soup version 0.21-a0 (webtiles) character file.

205 HarryHood the Skirmisher (level 5, 0/32 HPs)
             Began as a Vine Stalker Fighter on May 20, 2017.
             Was a Follower of Makhleb.
             Slain by a white imp (3 damage)
             ... summoned by Eustachio
             ... on level 4 of the Dungeon.
             The game lasted 00:09:53 (2707 turns).

HarryHood the Skirmisher (Vine Stalker Fighter)     Turns: 2707, Time: 00:09:53

Health: 0/32       AC:  6    Str: 19    XL:     5   Next: 83%
Magic:  0/15       EV:  7    Int:  8    God:    Makhleb [*.....]
Gold:   173        SH: 10    Dex: 14    Spells: 4/4 levels left

rFire    . . .     SeeInvis .   a - +1 flail
rCold    . . .     Gourm    .   c - +1 shield
rNeg     . . .     Faith    .   b - +0 scale mail
rPois    .         Spirit   +   (no helmet)
rElec    .         Reflect  .   (no cloak)
rCorr    .         Harm     .   (no gloves)
MR       .....                  (no boots)
Stlth    ..........             m - amulet of regeneration
Regen    0.9/turn               j - ring of magical power
MPRegen  0.2/turn               (no ring)

@: no status effects
A: fangs 2, regeneration 1, magic shield, antimagic bite, no potion heal 3, rot
immunity
a: Renounce Religion


You were on level 4 of the Dungeon.
You worshipped Makhleb.
Makhleb was aware of your devotion.
You were not hungry.

You visited 1 branch of the dungeon, and saw 4 of its levels.

You collected 173 gold pieces.

Inventory:

Hand Weapons
 a - a +1 flail (weapon)
Missiles
 o - 44 sling bullets
Armour
 b - a +0 scale mail (worn)
 c - a +1 shield (worn)
Jewellery
 j - a ring of magical power (left hand)
 m - an amulet of regeneration (around neck)
Scrolls
 l - 2 scrolls of amnesia
 u - a scroll of enchant armour
Potions
 d - 4 potions of might
 e - a potion of flight {unknown}
 k - a potion of invisibility {unknown}
 n - a potion of lignification {unknown}
 p - a potion of curing {unknown}
 q - 2 potions of agility {unknown}
 r - a potion of haste {unknown}
Comestibles
 f - 5 bread rations {@e1}
 g - 8 chunks of flesh
 h - 5 meat rations {@e1}
 i - 2 fruits {@e2}
 s - 2 royal jellies {@e3}


   Skills:
 * Level 5.7 Fighting
 - Level 1.7 Maces & Flails
 - Level 2.4 Armour
 - Level 2.6 Shields


You had 4 spell levels left.
You didn't know any spells.

Dungeon Overview and Level Annotations

Branches:
Dungeon (4/15)
 Temple: D:4-7

Altars:
Makhleb
Nemelex Xobeh
Xom

Annotations:
D:4 Eustachio


Innate Abilities, Weirdness & Mutations

You have extremely sharp teeth.
Your natural rate of healing is unusually fast.
When hurt, damage is shared between your health and your magic reserves.
Your bite disrupts and absorbs the magic of your enemies.
Potions cannot restore your health.
You are immune to rotting.


Message History

Eustachio gestures wildly while chanting.
Eustachio blinks!
The river rat bites you!
* * * LOW HITPOINT WARNING * * *
The quokka twitches its whiskers.
The quokka barely misses you.
You take 10 damage, and have 9/32 hp.
MASSIVE DAMAGE!!
You now have 4/15 mp.
Eustachio hits you but does no damage. The shadow imp barely misses you.
You see here an agate ring.
You barely miss Eustachio. The white imp gestures at you.
The puff of frost hits you!
* * * LOW HITPOINT WARNING * * *
You block the quokka's attack. Eustachio hits you with a falchion.
* * * LOW HITPOINT WARNING * * *
You block the river rat's attack.
The shadow imp hits you but does no damage.
The white imp barely misses you. The white imp hits you.
* * * LOW HITPOINT WARNING * * *
The white imp freezes you.
You die...

###########
#.........#
#.........# ###
####.........#######..
......(...............
##.........########.
###.555......# #...
#....@r......# ###.##
....##@.r......#
##...#
..........######
#..###
####.........###.#####
................[...
###.########....#####
#.. #....##.# #.#
..### ..# #. #
#.######


You could see Eustachio, a river rat, 2 white imps, a shadow imp and a quokka.

Vanquished Creatures
  An orc priest (D:3)
  An orc wizard (D:4)
  4 adders (D:2)
  An ooze (D:2)
  3 worms
  9 dart slugs
  5 leopard geckos
  7 orcs
  5 bats
  3 giant cockroaches
  4 goblins
  5 hobgoblins
  7 jackals
  7 frilled lizards
  4 kobolds
  6 rats
72 creatures vanquished.

Notes
Turn   | Place    | Note
-------+----------+-------------------------------------------
     0 | D:1      | HarryHood the Vine Stalker Fighter began the quest for the Orb.
     0 | D:1      | Reached XP level 1. HP: 11/11 MP: 2/2
   106 | D:1      | Reached skill level 3 in Fighting
   153 | D:1      | Reached XP level 2. HP: 16/16 MP: 3/3
   419 | D:1      | Reached XP level 3. HP: 12/21 MP: 4/4
   929 | D:2      | Reached skill level 4 in Fighting
  1013 | D:2      | Found a burning altar of Makhleb.
  1059 | D:2      | Became a worshipper of Makhleb the Destroyer
  1123 | D:2      | Gained mutation: Your natural rate of healing is unusually fast. [Vine Stalker growth]
  1123 | D:2      | Reached XP level 4. HP: 12/25 MP: 5/5
  1425 | D:2      | Found a shimmering altar of Xom.
  1501 | D:2      | Reached skill level 5 in Fighting
  1686 | D:3      | Reached XP level 5. HP: 28/30 MP: 6/6
  2117 | D:3      | Reached * piety under Makhleb
  2332 | D:3      | Found a sparkling altar of Nemelex Xobeh.
  2693 | D:4      | Noticed Eustachio
  2707 | D:4      | HP: 3/32 [white imp[Eustachio] (1)]
  2707 | D:4      | Slain by a white imp

Vault maps used:
D:1:      ncdulo_wetmaze
D:2:      old_standard_altar, lemuel_doored_altar, first_bread
D:3:      nemelex_xobeh_ov_fountains_minmay
D:4:      minmay_temple_entry_glassed_door, serial_shops, shop_statue,
          uniq_eustachio

Skill      XL: |  1  2  3  4 |
---------------+-------------+-----
Fighting       | 3 4 5 |  5.7
Maces & Flails | |  1.7
Armour         | |  2.4
Shields        | |  2.6

Action                   |  1- 3 |  4- 6 || total
-------------------------+-------+-------++-------
Melee: Flail             |   114 |   128 ||   242
       Bite              |    28 |    47 ||    75
  Use: Scroll            |     5 |     4 ||     9
  Eat: Chunk             |     1 |     4 ||     5
       Fruit             |       |     1 ||     1
Armor: Scale mail        |    44 |    39 ||    83
Dodge: Dodged            |    40 |    50 ||    90
Block: Shield            |    53 |    81 ||   134
